Map: King Sejong Station LE

Players

LiquidTLO (TLO)

  • Race: Zerg Zerg
  • League: Grandmaster

GunGFuBanDa - Winner!

  • Race: Protoss Protoss
  • League: Grandmaster

VOD

Have the link to the VOD?

Description

Time

  • Played on: July 5, 2016, 12:30 p.m.
  • Length: 7:50
Show
View Real Time Build Order
Export as new Build Order

LiquidTLO Zerg 

Build Orders: Hatch First 

Get SALT Encoding   

  12  0:00  Drone  
  13  0:13  Overlord  
  13  0:18  Drone  
  14  0:32  Drone x2  
  16  0:37  Drone  
  17  0:52  Hatchery  
  17  0:55  Drone  
  17  0:57  Drone  
  17  1:00  Extractor  
  17  1:14  Spawning Pool  
  17  1:16  Drone  
  17  1:21  Drone  
  18  1:29  Drone  
  19  1:40  Overlord  
  19  2:00  Queen  
  19  2:01  Metabolic Boost  
  21  2:02  Zergling x2  
  21  2:05  Queen  
  21  2:06  Drone  
  25  2:09  Drone  
  25  2:13  Zergling x2  
  27  2:17  Zergling x2  
  29  2:22  Zergling x2  
  29  2:27  Drone  
  30  2:38  Hatchery  
  30  2:40  Drone  
  30  2:49  Overlord  
  30  2:52  Drone x2  
  30  2:57  Drone x2  
  33  3:02  Queen  
  35  3:09  Drone x3  
  35  3:11  Drone  
  35  3:12  Drone  
  40  3:15  Drone  
  40  3:16  Drone  
  40  3:18  Drone  
  43  3:23  Overlord  
  43  3:27  Drone  
  44  3:30  Overlord  
  44  3:34  Evolution Chamber  
  44  3:38  Overlord  
  43  3:44  Drone x2  
  43  3:47  Overlord, Spore Crawler  
  43  3:48  Drone  
  45  3:50  Drone  
  45  3:53  Zergling x4  
  45  3:55  Zergling x2  
  49  3:56  Drone  
  49  4:00  Zerg Melee Weapons Level 1  
  49  4:01  Drone  
  51  4:04  Drone  
  51  4:05  Zergling x2  
  51  4:08  Drone  
  51  4:09  Drone  
  55  4:14  Drone  
  56  4:19  Drone  
  56  4:22  Drone  
  56  4:23  Baneling Nest, Extractor, Drone  
  56  4:28  Drone  
  56  4:29  Drone  
  56  4:30  Drone x4  
  62  4:33  Drone  
  63  4:39  Drone, Hatchery  
  63  4:41  Drone  
  63  4:45  Drone x2  
  66  4:47  Zergling x4  
  66  4:48  Zergling x2  
  66  4:52  Extractor, Zergling x2  
  69  4:54  Zergling x2  
  69  4:55  Lair  
  69  4:56  Drone  
  69  4:59  Drone  
  73  5:00  Zergling x2, Drone  
  73  5:06  Overlord  
  74  5:07  Overlord  
  74  5:11  Overlord  
  74  5:15  Overlord  
  74  5:16  Overlord  
  74  5:17  Overlord  
  74  5:19  Overlord  
  74  5:24  Overlord, Drone x2  
  74  5:26  Spore Crawler  
  74  5:27  Drone x2, Evolution Chamber  
  74  5:28  Drone  
  77  5:31  Drone  
  77  5:32  Drone x2  
  77  5:35  Drone  
  74  5:38  Drone x2  
  74  5:39  Drone x2  
  74  5:41  Zergling x2  
  79  5:48  Drone  
  80  5:50  Queen  
  80  5:51  Queen  
  80  5:52  Zergling x2  
  85  5:58  Extractor  
  85  5:59  Zergling x2  
  85  6:01  Drone  
  86  6:04  Zergling x4  
  86  6:05  Zergling x2  
  86  6:07  Zergling x2  
  86  6:10  Zergling x4  
  89  6:12  Zergling x2  
  89  6:13  Spore Crawler, Drone x2  
  89  6:14  Zergling x2  
  92  6:21  Spire, Drone  
  92  6:22  Extractor, Baneling x4  
  92  6:25  Extractor, Drone  
  91  6:26  Drone  
  91  6:27  Zergling x2  
  91  6:29  Zergling x2  
  91  6:30  Zergling x2  
  95  6:33  Spore Crawler, Drone x2  
  95  6:34  Zergling x2  
  95  6:37  Zergling x2  
  95  6:38  Drone  
  95  6:39  Drone  
  100  6:42  Drone  
  100  6:43  Drone  
  100  6:45  Zergling x2  
  103  6:47  Drone  
  103  6:48  Drone x2  
  103  6:50  Drone  
  103  6:51  Zergling x2  
  103  6:52  Zergling x2  
  110  6:54  Zergling x4  
  110  6:57  Zergling x4  
  110  6:59  Zergling x2  
  110  7:00  Baneling x4  
  113  7:03  Zergling x4  
  113  7:04  Zergling x2, Baneling x3  
  113  7:06  Zergling x2  
  113  7:07  Zergling x2, Baneling  
  118  7:14  Zergling x2  
  118  7:15  Baneling x4  
  111  7:19  Zergling x4  
  111  7:20  Zergling x4  
  103  7:23  Zergling x2  
  103  7:24  Zergling x2  
  103  7:26  Zergling x4  
  103  7:27  Baneling x8  
  103  7:28  Zergling x10  
  103  7:29  Zergling x2  
  107  7:30  Baneling x4  
  107  7:31  Baneling  
  107  7:33  Zergling x2  
Show
View Real Time Build Order
Export as new Build Order

GunGFuBanDa Protoss - Winner!

Build Orders: 1 Gate Expand 

Get SALT Encoding   

  12  0:01  Probe (Chrono Boost)  
  13  0:11  Probe (Chrono Boost)  
  14  0:18  Pylon  
  14  0:22  Probe (Chrono Boost)  
  15  0:36  Probe (Chrono Boost)  
  16  0:42  Gateway  
  16  0:43  Assimilator  
  16  0:47  Probe (Chrono Boost)  
  17  0:58  Probe (Chrono Boost)  
  18  1:08  Probe (Chrono Boost)  
  19  1:21  Nexus  
  19  1:32  Cybernetics Core  
  19  1:34  Probe (Chrono Boost)  
  19  1:38  Assimilator  
  20  1:44  Probe (Chrono Boost)  
  21  1:50  Pylon  
  21  1:55  Probe (Chrono Boost)  
  22  2:05  Probe (Chrono Boost)  
  23  2:08  Warp Gate  
  23  2:09  Adept (Chrono Boost)  
  25  2:17  Probe  
  25  2:18  Twilight Council  
  26  2:29  Probe (Chrono Boost)  
  27  2:33  Probe (Chrono Boost)  
  27  2:34  Stalker (Chrono Boost)  
  30  2:44  Probe x2 (Chrono Boost)  
  32  2:55  Probe x2 (Chrono Boost)  
  34  3:01  Pylon  
  34  3:03  Mothership Core (Chrono Boost)  
  34  3:04  Adept (Chrono Boost)  
  34  3:05  Probe  
  39  3:08  Resonating Glaives (Chrono Boost)  
  39  3:18  Gateway  
  40  3:20  Probe (Chrono Boost)  
  40  3:23  Probe (Chrono Boost)  
  41  3:32  Probe (Chrono Boost)  
  42  3:35  Probe (Chrono Boost)  
  42  3:36  Robotics Facility  
  43  3:42  Pylon, Probe (Chrono Boost)  
  43  3:45  Probe (Chrono Boost)  
  45  3:53  Probe (Chrono Boost)  
  46  3:56  Probe (Chrono Boost)  
  47  4:03  Probe (Chrono Boost)  
  47  4:04  Pylon  
  47  4:07  Probe (Chrono Boost)  
  49  4:12  Adept  
  49  4:13  Adept  
  49  4:14  Probe (Chrono Boost)  
  54  4:20  Nexus  
  54  4:21  Pylon, Warp Prism (Chrono Boost)  
  54  4:28  Probe  
  57  4:31  Probe  
  57  4:33  Assimilator  
  57  4:36  Sentry  
  60  4:38  Sentry  
  60  4:40  Probe  
  60  4:43  Probe  
  64  4:53  Pylon  
  64  4:54  Observer  
  64  4:55  Probe  
  66  5:02  Probe  
  67  5:08  Adept x2  
  67  5:10  Immortal, Pylon  
  70  5:19  Pylon  
  74  5:21  Pylon  
  74  5:24  Gateway x2  
  74  5:37  Probe x2  
  74  5:38  Probe (Chrono Boost)  
  74  5:39  Pylon  
  74  5:41  Pylon  
  77  5:45  Immortal  
  77  5:49  Probe x2 (Chrono Boost)  
  83  5:51  Probe (Chrono Boost)  
  83  5:55  Gateway  
  83  5:56  Gateway  
  84  6:00  Probe (Chrono Boost)  
  85  6:12  Adept x2  
  85  6:13  Probe (Chrono Boost)  
  90  6:19  Immortal  
  90  6:20  Gateway x2  
  90  6:25  Gateway  
  94  6:31  Adept x2  
  94  6:32  Adept x2  
  102  6:36  Pylon  
  102  6:38  Pylon  
  102  6:39  Pylon  
  102  6:51  Pylon  
  102  6:53  Pylon  
  102  6:56  Adept x6  
  114  7:14  Adept x2  
  118  7:16  Adept x3  
  124  7:28  Adept x3  
  114  7:39  Adept x5  
  122  7:45  Assimilator  
Tags
 
Add a new tag
Caveats
  • Supply blocks, unpowered buildings, or Contaminate may cause inaccurate times.
  • Supply counts are checked every 10 seconds.